 Dungeon Crawl Stone Soup version 0.32-a0-42-ga30500b4d3 (webtiles) character file.

Game seed: 11705709513399470380

7476 lunkers the Slicer (level 10, -8/76 HPs)
             Began as a Vampire Gladiator on Jan 31, 2024.
             Was a Believer of Kikubaaqudgha.
             Mangled by Erica
             ... wielding a +1 scimitar of flaming
              (11 damage)
             ... on level 9 of the Dungeon.
             The game lasted 00:12:14 (7384 turns).

lunkers the Slicer (Vampire Gladiator)              Turns: 7384, Time: 00:12:14

Health: -8/76      AC:  8    Str: 13    XL:     10   Next: 94%
Magic:  8/10       EV: 22    Int: 15    God:    Kikubaaqudgha [**....]
Gold:   1317       SH:  0    Dex: 16    Spells: 1/9 levels left

rFire   + . .        a - +1 rapier (venom)
rCold   . . .        (no shield)
rNeg    . . .        x - +2 leather armour {rF+}
rPois   .            c - +1 helmet
rElec   .            u - +0 cloak
rCorr   .            (no gloves)
SInv    +            (no boots)
Will    +....        (no amulet)
Stlth   +            m - +5 ring of evasion
HPRegen 0.52/turn    q - +4 ring of slaying
MPRegen 0.12/turn

%: no passive effects
@: mighty, lethally poisoned (-8 -> -19), very slightly contaminated, healing
quickly
A: alive, fangs 3, see invisible, vampiric 2
a: Exsanguinate, Renounce Religion, Unearth Wretches


You were on level 9 of the Dungeon.
You worshipped Kikubaaqudgha.
Kikubaaqudgha was pleased with you.
You visited 2 branches of the dungeon, and saw 10 of its levels.
You also visited: Ossuary.

You collected 1317 gold pieces.

Inventory:

Hand Weapons
 a - a +1 rapier of venom (weapon)
 b - a +4 dagger of protection
 p - a +4 quarterstaff of chaos
Missiles
 d - 3 throwing nets
 e - a javelin
 f - 14 poisoned darts
 n - 9 boomerangs
 D - 6 curare-tipped darts
Armour
 c - a +1 helmet (worn)
 h - a +0 ring mail
 u - a +0 cloak (worn)
 x - a +2 leather armour of fire resistance (worn)
 E - a +0 leather armour
Jewellery
 m - a +5 ring of evasion (left hand)
 q - a +4 ring of slaying (right hand)
 C - a +6 ring of intelligence
 K - a ring of positive energy
Talismans
 k - a beast talisman
Wands
 v - a wand of polymorph (2)
 A - a wand of flame (9)
 P - a wand of light (4)
 Q - a wand of charming (4)
Scrolls
 o - 4 scrolls of amnesia
 w - 2 scrolls of enchant weapon
 y - a scroll of vulnerability
 z - a scroll of brand weapon
 B - a scroll of fog
 G - a scroll of teleportation
 H - a scroll of noise {unknown}
 L - a scroll of fear
 M - a scroll of identify
 N - a scroll of butterflies {unknown}
 O - a scroll of enchant armour
Potions
 g - a potion of haste {unknown}
 i - a potion of enlightenment {unknown}
 j - 3 potions of might
 l - 7 potions of curing
 r - 2 potions of brilliance
 s - a potion of magic {unknown}
 t - 3 potions of attraction {unknown}
 F - 2 potions of mutation {unknown}
 I - a potion of degeneration {unknown}
 J - a potion of cancellation {unknown}


   Skills:
 + Level 5.7 Fighting
 + Level 11.8 Short Blades
 - Level 1.5 Throwing
 + Level 0.9 Armour
 + Level 10.6 Dodging
 * Level 8.1 Necromancy


You had one spell level left.
You knew the following spells:

 Your Spells              Type           Power      Damage    Failure   Level
b - Cigotuvi's Dreadful   Necr/Alch/Air  16%        N/A       17%         2
c - Vampiric Draining     Necr           24%        2d7       3%          3
d - Fugue of the Fallen   Necr           24%        N/A       3%          3

Your spell library contained the following spells:

 Spells                   Type           Power      Damage    Failure   Level
 Kiss of Death            Conj/Necr      48%        2d9       6%          1
 Blink                    Tloc           0%         N/A       45%         2
 Ensorcelled Hibernation  Hex/Ice        0%         N/A       45%         2
 Lesser Beckoning         Tloc           0%         N/A       45%         2
 Momentum Strike          Conj/Tloc      0%         3d8       45%         2
 Dazzling Flash           Conj/Hex       0%         N/A       71%         3
 Gell's Gravitas          Tloc           0%         N/A       71%         3
 Passwall                 Erth           0%         N/A       71%         3
 Swiftness                Air            0%         N/A       71%         3
 Teleport Other           Tloc           0%         N/A       71%         3
 Volatile Blastmotes      Fire/Tloc      0%         2d10      71%         3
 Ignite Poison            Fire/Alch      0%         N/A       98%         4
 Freezing Cloud           Conj/Ice/Air   0%         6-21      100%        5
 Starburst                Conj/Fire      0%         6d3       100%        6
 Maxwell's Capacitive Co  Air            0%         ∞         100%        8


Dungeon Overview and Level Annotations

Branches:
Dungeon (9/15)             Temple (1/1) D:6         Ossuary (visited)
   Lair: D:8-11         Orc: D:9-12

Altars:
Ashenzari
Cheibriados
Dithmenos
Fedhas
Gozag
Hepliaklqana
Kikubaaqudgha
Makhleb
Nemelex Xobeh
Okawaru
Qazlal
Ru
Sif Muna
Trog
Uskayaw
Wu Jian
Xom
Yredelemnul

Annotations:
D:6 2 transporters, Azoth's ghost, novice DEHu
D:9 Erica


Innate Abilities, Weirdness & Mutations

Your natural rate of healing is accelerated.
You have razor-sharp teeth.
You have supernaturally acute eyesight. (SInv)
You are afflicted with vampirism and can become a bat while bloodless.


Message History

Unknown command.
You impale the yak!!
The yak is poisoned.
The yak is heavily wounded.
You feel sick.
Unknown command.
You barely miss the yak.
The yak is heavily wounded.
You feel sick. The yak closely misses you.
You closely miss the yak.
The yak is heavily wounded.
You impale the yak!!
The yak looks as sick as possible!
You bite the yak.
You kill the yak!
Kikubaaqudgha accepts your kill.
You feel sick.
You puncture Erica!
Erica looks as sick as possible!
You bite Erica!
Erica is severely wounded.
Erica casts a spell.
Erica flickers and vanishes for a moment.
You closely miss Erica.
Erica is severely wounded.
You feel sick.
You miss Erica.
Erica is severely wounded.
You feel sick.
You are no longer poisoned.
Erica stares at you and mumbles some strange words.
The bolt of poison hits you!
You are poisoned.
* * * LOW HITPOINT WARNING * * *
Casting: Cigotuvi's Dreadful Rot (safe; 17% risk of failure)
Confirm with . or Enter, or press ? or * to list all spells.
You miscast Cigotuvi's Dreadful Rot.
You are very lightly contaminated with residual magic.
Nothing appears to happen.
* * * LOW HITPOINT WARNING * * *
You feel very sick.
Erica hits you with a +1 scimitar of flaming!
You die...
Erica begins burbling mirthfully and uncontrollably.
Kikubaaqudgha rasps: "You have failed me!
Welcome... death!"

#...[#..#.##..#.##..#(##..#.##
#....#..##.#..##.#..##.#..##.#.
#....###....##....##....##....#
#.....#..##.#..##.#..##.#..##.#
#......#.##..#.##..#.##..#.##..
#....###....##....##....##....#
###.......#.##..#.##..#.##..#.##.
.......#..##.#.x##.#..##.#..##.#.
....h...##..Y$##@...##. ..##....#
........#.Y##.#..##.# .##.#..##.#
.........#.##..#.## ##..#.##..
........##....##.. ...##..†.#
..........#.##..#. .##..#.##.
..........##.#..##. #..##.#.
........##....##... ##....#
........#..##.#..##. .. # #..##.#
.........#.##..#.## #.##..#.##..


You could see Erica (invisible, extremely poisoned).

Vanquished Creatures
  The ghost of SirDiesAlot the Apothecary, a novice OpAl (D:5)
  A troll (D:9)
  Sigmund (D:5)
  2 wyverns
  18 yaks (D:9)
  Grum (D:9)
  A water moccasin (D:9)
  An ice beast (D:7)
  2 orc warriors
  3 black bears
  6 sky beasts
  An ogre (D:4)
  2 wolves (D:9)
  A centaur (D:6)
  2 phantoms
  3 kobold brigands
  A bullfrog (D:7)
  3 gnoll sergeants
  4 scorpions
  6 killer bees (D:9)
  2 jellies (D:6)
  6 orc priests
  Crazy Yiuf (D:3)
  3 bombardier beetles
  A gnoll bouda (D:6)
  5 hounds
  Terence (D:3)
  3 iguanas
  6 orc wizards
  8 mummies (Ossuary)
  15 gnolls
  7 adders
  A shadow imp (D:6)
  A white imp (D:5)
  3 dart slugs
  2 ribbon worms
  19 orcs
  5 bats
  7 endoplasms
  9 giant cockroaches
  4 goblins
  4 hobgoblins
  7 jackals
  20 kobolds
  8 ball pythons
  6 frilled lizards
  3 gnoll zombies (Ossuary)
  3 kobold zombies (Ossuary)
  2 orc zombies (Ossuary)
  A rat (D:1)
223 creatures vanquished.

Notes
Turn   | Place    | Note
-------+----------+-------------------------------------------
     0 | D:1      | lunkers the Vampire Gladiator began the quest for the Orb.
     0 | D:1      | Reached XP level 1. HP: 16/16 MP: 1/1
   125 | D:1      | Reached XP level 2. HP: 22/22 MP: 2/2
   153 | D:1      | Reached skill level 4 in Short Blades
   714 | D:1      | Gained mutation: You are afflicted with vampirism and can
                  | become a bat while bloodless. [Vampire growth]
   714 | D:1      | Reached XP level 3. HP: 26/27 MP: 3/3
   940 | D:2      | Reached skill level 5 in Short Blades
  1044 | D:2      | Reached XP level 4. HP: 33/33 MP: 4/4
  1056 | D:2      | Reached skill level 6 in Short Blades
  1394 | D:2      | Learned a level 2 spell: Cigotuvi's Dreadful Rot
  1476 | D:3      | Found a shimmering blue altar of Sif Muna.
  1576 | D:3      | Reached XP level 5. HP: 38/38 MP: 5/5
  1701 | D:3      | Found a snail-covered altar of Cheibriados.
  1701 | D:3      | Found a shadowy altar of Dithmenos.
  1702 | D:3      | Found a burning altar of Makhleb.
  1703 | D:3      | Found a basalt altar of Yredelemnul.
  1704 | D:3      | Found a bloodstained altar of Trog.
  1706 | D:3      | Found a sparkling altar of Nemelex Xobeh.
  1771 | D:3      | Found a runed translucent door.
  1772 | D:3      | Noticed Crazy Yiuf
  1781 | D:3      | Killed Crazy Yiuf
  1852 | D:3      | Noticed Terence
  1865 | D:3      | Killed Terence
  1866 | D:3      | Reached skill level 7 in Short Blades
  2131 | D:3      | Found an opulent altar of Gozag.
  2184 | D:4      | Reached XP level 6. HP: 42/44 MP: 6/6
  2281 | D:4      | Reached skill level 8 in Short Blades
  2766 | D:4      | Reached XP level 7. HP: 36/49 MP: 7/7
  3021 | D:5      | Entered Level 5 of the Dungeon
  3024 | D:5      | Noticed Sigmund
  3034 | D:5      | Killed Sigmund
  3035 | D:5      | Reached skill level 5 in Dodging
  3081 | D:5      | Reached skill level 9 in Short Blades
  3627 | D:5      | Found a large runed translucent door.
  3628 | D:5      | Found a large runed translucent door.
  3631 | D:5      | Noticed SirDiesAlot's ghost (novice OpAl)
  3654 | D:5      | Killed SirDiesAlot's ghost
  3655 | D:5      | Reached XP level 8. HP: 23/55 MP: 8/8
  3660 | D:5      | Reached skill level 10 in Short Blades
  4097 | D:6      | Found a sand-covered staircase.
  4123 | Ossuary  | Entered an ossuary
  4448 | D:6      | Found a staircase to the Ecumenical Temple.
  4477 | D:6      | Reached XP level 9. HP: 62/62 MP: 9/9
  4518 | Temple   | Entered the Ecumenical Temple
  4560 | Temple   | Became a worshipper of Kikubaaqudgha
  4614 | D:6      | Identified a scroll of acquirement
  4614 | D:6      | Acquired 680 gold pieces
  4771 | D:6      | Reached skill level 1 in Necromancy
  5123 | D:6      | Noticed Azoth's ghost (novice DEHu)
  5166 | D:6      | Found a transporter.
  5173 | D:6      | Found a transporter.
  5487 | D:7      | Found a shimmering altar of Xom.
  5778 | D:7      | Found an ornate altar of the Wu Jian Council.
  6137 | D:8      | Reached * piety under Kikubaaqudgha
  6137 | D:8      | Received a gift from Kikubaaqudgha
  6144 | D:8      | Learned a level 3 spell: Fugue of the Fallen
  6148 | D:8      | Learned a level 3 spell: Vampiric Draining
  6168 | D:8      | Reached skill level 11 in Short Blades
  6262 | D:8      | Reached skill level 5 in Necromancy
  6691 | D:9      | Reached XP level 10. HP: 73/73 MP: 6/10
  6851 | D:9      | Reached ** piety under Kikubaaqudgha
  6864 | D:9      | Reached skill level 10 in Dodging
  7010 | D:9      | Reached skill level 5 in Fighting
  7327 | D:9      | Noticed Grum
  7329 | D:9      | Noticed Erica
  7349 | D:9      | Killed Grum
  7384 | D:9      | HP: 3/76 [poisoned by Erica (bolt of poison)]
  7384 | D:9      | Mangled by Erica

Illustrated notes

Levels and vault maps discovered:
D:1:      matt_arrival_grand_opening, layout_basic,
          chequers_serial_rivers_micro_c
D:2:      layout_rooms
D:3:      layout_basic, minitemple, mainiacjoe_overflow_alcove_2,
          lemuel_round_altar, uniq_crazy_yiuf_cottage, uniq_terence
D:4:      layout_basic
D:5:      layout_basic, ebering_ghost_disaster_area, uniq_sigmund
D:6:      nicolae_cairo_tiling_large, layout_rooms, minmay_temple_entry_wispy,
          nicolae_ossuary_entry_false_entrances, gammafunk_ghost_gnarly_gnolls,
          grunt_ministairs_6, dk_noncrumbling_3
D:7:      layout_loops_cross, lemuel_tele_altar, nzn_wu_jian_contemplation
D:8:      layout_rooms
D:9:      layout_irregular_city, nicolae_eternal_life, uniq_erica, uniq_harold,
          uniq_psyche, uniq_grum
Temple:   cyrus_temple_forest

Skill      XL: |  1  2  3  4  5  6  7  8  9 10 |
---------------+-------------------------------+-----
Short Blades   | 4 5 6 7 8 9 10 11 | 11.8
Dodging        | 4 6 8 9 10 | 10.6
Fighting       | 2 4 5 |  5.7
Necromancy     | 5 8 |  8.1
Throwing       | |  1.5
Armour         | |  0.9

Action                     |  1- 3 |  4- 6 |  7- 9 | 10-12 || total
---------------------------+-------+-------+-------+-------++-------
  Melee: Rapier            |   113 |   160 |   328 |   173 ||   774
         Bite              |    15 |    14 |    54 |    14 ||    97
         Unarmed           |       |     5 |       |       ||     5
         Punch             |       |       |     4 |     3 ||     7
         Dagger            |       |       |    80 |       ||    80
   Cast: Fugue of the Fall |       |       |     3 |     2 ||     5
         Vampiric Draining |       |       |       |     2 ||     2
         Cigotuvi's Dreadf |       |       |       |     2 ||     2
  Evoke: Wand              |       |       |     3 |       ||     3
    Use: Scroll            |       |     4 |    11 |       ||    15
         Potion            |       |       |       |     1 ||     1
   Stab: Confused          |       |       |     1 |       ||     1
 Armour: Ring mail         |    45 |    46 |    65 |       ||   156
         Leather armour    |       |       |    59 |    50 ||   109
  Dodge: Dodged            |    66 |    96 |   302 |   135 ||   599
         Form:             |     2 |       |       |       ||     2
         Beast             |     2 |       |       |       ||     2

Table legend: (Time is in decaauts)
 A = Elapsed time spent in this place.
 B = Non-inter-level travel time spent in this place.
 C = Inter-level travel time spent in this place.
 D = Time resting spent in this place.
 E = Time spent auto-exploring this place.
 F = Levels seen in this place.
 G = Mean time per level.
                   A        B        C        D        E       F      G
               +--------+--------+--------+--------+--------+-----+--------+
         Total |   7146 |   6720 |    426 |     42 |   5273 |  11 |  649.6 |
       Dungeon |   6822 |   6477 |    345 |      9 |   5144 |   9 |  758.0 |
        Temple |     92 |     11 |     81 |      0 |      9 |   1 |   92.0 |
       Ossuary |    230 |    230 |      0 |     33 |    120 |   1 |  230.0 |
               +--------+--------+--------+--------+--------+-----+--------+

Top non-repeatable levels by time:
     D:6: 1080 daAuts
     D:5: 877 daAuts
     D:1: 875 daAuts
     D:4: 839 daAuts
     D:3: 732 daAuts
     D:7: 703 daAuts
     D:9: 649 daAuts
     D:2: 543 daAuts
     D:8: 520 daAuts
 Ossuary: 230 daAuts
  Temple: 92 daAuts
